 Dungeon Crawl Stone Soup version 0.26-a0-610-g3e9335bbc7 (webtiles) character file.

Game seed: 8566947137379618641

9948 Hastur the Basher (level 11, -5/101 HPs)
             Began as a Palentonga Fighter on Sept 3, 2020.
             Was a Priest of Makhleb.
             Killed from afar by a molten gargoyle (25 damage)
             ... with a bolt of magma
             ... on level 10 of the Dungeon.
             The game lasted 00:28:30 (13366 turns).

Hastur the Basher (Palentonga Fighter)             Turns: 13366, Time: 00:28:31

Health: -5/101     AC: 14    Str: 21    XL:     11   Next: 29%
Magic:  15/15      EV:  2    Int:  8    God:    Makhleb [***...]
Gold:   711        SH:  0    Dex: 18    Spells: 10/10 levels left

rFire    . . .     SeeInvis +   b - +0 flail
rCold    . . .     Faith    .   s - +0 kite shield
rNeg     + . .     Spirit   .   B - +0 plate armour
rPois    .         Reflect  .   G - +0 helmet
rElec    .         Harm     .   u - +0 cloak
rCorr    .                      (no gloves)
MR       .....                  (no barding)
Stlth    ..........             g - amulet of regeneration
HPRegen  0.66/turn              l - +6 ring of dexterity
MPRegen  0.14/turn              p - ring of positive energy

@: confused, mighty
A: large, rugged brown scales 3, see invisible, deformed body, roll, armoured
tail
a: Rolling Charge, Minor Destruction, Lesser Servant of Makhleb, Renounce
Religion


You were on level 10 of the Dungeon.
You worshipped Makhleb.
Makhleb was most pleased with you.
You visited 2 branches of the dungeon, and saw 12 of its levels.

You collected 711 gold pieces.

Inventory:

Hand Weapons
 a - a +3 dagger of venom
   (You took it off a goblin on level 2 of the Dungeon)
 b - a +0 flail (weapon)
 H - a +0 dire flail
   (You took it off an orc warrior on level 7 of the Dungeon)
Missiles
 M - 11 poisoned darts (quivered)
Armour
 q - a +0 scale mail
 s - a +0 kite shield (worn)
 u - a +0 cloak (worn)
   (You found it on level 3 of the Dungeon)
 B - a +0 plate armour (worn)
   (You took it off an orc warrior on level 5 of the Dungeon)
 G - a +0 helmet (worn)
   (You found it on level 7 of the Dungeon)
 I - a +1 ring mail of positive energy
   (You found it on level 8 of the Dungeon)
Jewellery
 g - an amulet of regeneration (around neck)
   (You found it on level 1 of the Dungeon)
 i - an uncursed ring of protection from fire
   (You found it on level 4 of the Dungeon)
 l - a +6 ring of dexterity (left hand)
   (You found it on level 6 of the Dungeon)
 p - a ring of positive energy (right hand)
   (You found it on level 6 of the Dungeon)
 C - a +4 ring of evasion {unknown}
   (You found it on level 7 of the Dungeon)
 K - an uncursed amulet of reflection
   (You took it off an orc priest on level 8 of the Dungeon)
Wands
 c - a wand of disintegration (7)
   (You found it on level 6 of the Dungeon)
 d - a wand of iceblast (4)
   (You took it off an orc priest on level 8 of the Dungeon)
 t - a wand of flame (56)
   (You found it on level 6 of the Dungeon)
 v - a wand of digging (5)
   (You found it on level 4 of the Dungeon)
 x - a wand of acid (4)
   (You took it off an orc wizard on level 7 of the Dungeon)
Scrolls
 h - 2 scrolls of enchant armour {unknown}
 j - 2 scrolls of magic mapping
 n - a scroll of fear
 o - 5 scrolls of remove curse {@r2}
 r - a scroll of enchant weapon
 w - a scroll of noise {unknown}
 y - 3 scrolls of amnesia {unknown}
 E - 2 scrolls of teleportation {@r4}
 F - a scroll of acquirement {unknown}
 O - 2 scrolls of fog {unknown}
Potions
 e - a potion of degeneration {!q}
 f - 3 potions of brilliance
 k - 4 potions of curing {@q1}
 m - a potion of magic
 z - 3 potions of lignification {unknown}
 A - a potion of berserk rage
 J - a potion of might
 L - a potion of stabbing {unknown}
 N - a potion of heal wounds {unknown}
 P - a potion of invisibility {unknown}
 Q - 7 potions of ambrosia


   Skills:
 + Level 8.9 Fighting
 * Level 11.7 Maces & Flails
 + Level 7.4 Armour
 - Level 3.3 Shields
 + Level 6.5 Invocations


You had 10 spell levels left.
You didn't know any spells.
Your spell library contained the following spells:

 Spells                   Type           Power        Failure   Level
 Shock                    Conj/Air       #...         100%        1
 Swiftness                Air            #.......     100%        2
 Static Discharge         Conj/Air       #.......     100%        3
 Airstrike                Air            #.........   100%        4
 Lightning Bolt           Conj/Air       #.........   100%        5


Dungeon Overview and Level Annotations

Branches:
Dungeon (11/15)            Temple (1/1) D:7            Lair (0/6) D:10
    Orc: D:9-12

Altars:
Ashenzari
Cheibriados
Dithmenos
Elyvilon
Fedhas
Gozag
Hepliaklqana
Kikubaaqudgha
Makhleb
Nemelex Xobeh
Okawaru
Qazlal
Ru
Sif Muna
Trog
Uskayaw
Vehumet
Wu Jian
Xom
Yredelemnul
Zin
The Shining One
Beogh

Shops:
D:7 :   D:9 (

Annotations:
D:3 3 runed translucent doors, Zaque's ghost, amateur SpEE
D:7 1 runed translucent door, TryExcept's ghost, novice DgNe


Innate Abilities, Weirdness & Mutations

You are completely covered in rugged brown scales. (AC +3, +7% HP)
You have supernaturally acute eyesight. (SInv)
Armour fits poorly on your strangely shaped body.
You can roll at foes to attack.
You have a long armoured tail.


Message History

There is a stone staircase leading down, spattered with blood here.
There is a stone staircase leading down here.
You climb downwards.
A molten gargoyle comes into view. It is wielding a +4 mace.
Found a leather armour, a dire flail and a scroll of remove curse.
Found a stone staircase leading down.
There is a stone staircase leading up here.
There is a stone staircase leading down here.
The molten gargoyle blasts magma at you!
The bolt of magma hits you!!
The molten gargoyle hits you with a +4 mace!
You are engulfed in flames!
You see here a scroll of remove curse {@r2}.
The molten gargoyle hits you but does no damage.
There is a stone staircase leading down here.
There is a stone staircase leading up here.
You block the molten gargoyle's attack.
You climb upwards.
There is a stone staircase leading down here.
Aim: a molten gargoyle, wielding a +4 mace (chance to defeat MR: 30%)
The molten gargoyle easily resists.
Aim: a molten gargoyle, wielding a +4 mace The bolt of acid hits the molten gargoyle.
The molten gargoyle is splashed with acid.
The acid corrodes the molten gargoyle!
The molten gargoyle blasts magma at you!
The bolt of magma hits you.
Okay, then.
Your +3 dagger of venom stops dripping with poison.
b - a +0 flail (weapon)
The molten gargoyle hits you but does no damage.
You feel very mighty all of a sudden. You block the molten gargoyle's attack.
You closely miss the molten gargoyle.
You hit the molten gargoyle but do no damage.
Your tail-slap misses the molten gargoyle.
The molten gargoyle hits you with a +4 mace!
* * * LOW HITPOINT WARNING * * *
You are engulfed in flames!
* * * LOW HITPOINT WARNING * * *
You sock the molten gargoyle!
The molten gargoyle hits you with a +4 mace!
* * * LOW HITPOINT WARNING * * *
You are engulfed in flames!
* * * LOW HITPOINT WARNING * * *
You are confused.
You feel invigorated.
The molten gargoyle blasts magma at you!
The bolt of magma hits you!!
You die...

#.....# #.....).....# ##. #.....#
#...........# #..
###.....#####...........#######.#
#.'.....'...#....................
..#.....###.............#######.#
###.....# ###...........# #.#
##'#### ###.######### #.# #.##
#..### #.# #..## ##@9.# ###'#
##..# ###.# #.... ###.###
##'###### ###.# #.....#
#####.......#####...# #.....#
#...'.......'...'.###
#.....####.###.......#####.#.#
####..........# #.......# #.#.#
.........###### #.......# #...#
####.....# ##'###### ###.#


You could see a molten gargoyle (corroded).

Vanquished Creatures
  A death yak (D:9)
  2 trolls
  A queen bee (D:10)
  Grinder (D:3)
  A hornet (D:8)
  A hippogriff (D:10)
  Sigmund (D:3)
  A wraith (D:10)
  13 yaks (D:9)
  Menkaure (D:5)
  A soldier ant (D:8)
  A water moccasin (D:7)
  3 black bears
  An eye of draining (D:10)
  2 ice beasts
  5 orc warriors
  3 sky beasts
  A phantom (D:7)
  6 ogres
  Blork the orc (D:6)
  A big kobold (D:10)
  12 bullfrogs
  A wyvern skeleton (D:8)
  2 scorpions
  28 killer bees (D:10)
  4 wights (D:7)
  5 howler monkeys
  A quasit (D:9)
  2 hounds
  2 jellies
  5 orc priests
  A centaur skeleton (D:8)
  A bullfrog skeleton (D:5)
  7 orc wizards
  6 worker ants
  A killer bee zombie (D:8)
  A hound skeleton (D:4)
  A howler monkey zombie (D:9)
  A worker ant zombie (D:5)
  4 gnolls
  2 howler monkey skeletons
  7 adders
  A white imp (D:7)
  3 oozes
  An adder zombie (D:5)
  2 worms (D:2)
  An adder skeleton (D:9)
  5 dart slugs
  9 leopard geckos
  23 orcs
  12 bats
  10 giant cockroaches
  10 goblins
  2 hobgoblins
  17 jackals
  4 quokkas
  A ball python (D:1)
  5 frilled lizards
  A jackal skeleton (D:5)
  14 kobolds
  A leopard gecko skeleton (D:4)
  A quokka zombie (D:5)
  4 rats
269 creatures vanquished.

Notes
Turn   | Place    | Note
-------+----------+-------------------------------------------
     0 | D:1      | Hastur the Palentonga Fighter began the quest for the Orb.
     0 | D:1      | Reached XP level 1. HP: 20/20 MP: 1/1
   149 | D:1      | Reached XP level 2. HP: 23/27 MP: 2/2
   402 | D:1      | Reached XP level 3. HP: 33/33 MP: 3/3
  1266 | D:2      | Reached skill level 3 in Maces & Flails
  1321 | D:2      | Reached XP level 4. HP: 25/40 MP: 4/4
  1626 | D:2      | Found an ancient bone altar of Kikubaaqudgha.
  2359 | D:3      | Noticed Sigmund
  2369 | D:3      | Killed Sigmund
  2369 | D:3      | Reached skill level 4 in Maces & Flails
  2369 | D:3      | Reached XP level 5. HP: 16/49 MP: 5/5
  2369 | D:3      | Reached XP level 6. HP: 18/55 MP: 6/6
  2689 | D:3      | Found a bloodstained altar of Trog.
  2867 | D:3      | Found a runed translucent gate.
  2869 | D:3      | Noticed Zaque's ghost (amateur SpEE)
  2876 | D:3      | Noticed Grinder
  2891 | D:3      | Paralysed by Grinder for 5 turns
  2933 | D:3      | Paralysed by Grinder for 5 turns
  2948 | D:3      | Killed Grinder
  2948 | D:3      | Reached skill level 5 in Maces & Flails
  3281 | D:3      | Found a runed translucent gate.
  3283 | D:3      | Found a runed translucent gate.
  3287 | D:3      | Found a roughly hewn altar of Beogh.
  3512 | D:4      | Reached XP level 7. HP: 45/64 MP: 7/7
  3899 | D:4      | Found a radiant altar of Vehumet.
  4594 | D:4      | Reached skill level 5 in Fighting
  4647 | D:4      | Reached skill level 6 in Maces & Flails
  4835 | D:4      | Found a sacrificial altar of Ru.
  4971 | D:5      | Entered Level 5 of the Dungeon
  5323 | D:5      | Noticed Menkaure
  5820 | D:6      | Reached XP level 8. HP: 50/73 MP: 8/8
  6068 | D:5      | Reached skill level 7 in Maces & Flails
  6135 | D:5      | Killed Menkaure
  6204 | D:6      | Noticed Blork the orc
  6388 | D:6      | Killed Blork the orc
  6388 | D:6      | Reached skill level 5 in Armour
  6479 | D:6      | Reached skill level 8 in Maces & Flails
  6680 | D:7      | Found Ybbuok's Book Boutique.
  6845 | D:7      | Found a staircase to the Ecumenical Temple.
  6854 | Temple   | Entered the Ecumenical Temple
  7073 | Temple   | Became a worshipper of Makhleb the Destroyer
  7119 | D:7      | Found an iron altar of Okawaru.
  7203 | D:7      | Reached XP level 9. HP: 76/83 MP: 9/9
  7211 | D:7      | Reached skill level 1 in Invocations
  7695 | D:7      | Reached skill level 9 in Maces & Flails
  7965 | D:7      | Found a runed translucent door.
  8002 | D:7      | Noticed TryExcept's ghost (novice DgNe)
  8632 | D:8      | Noticed a troll
  8654 | D:8      | Killed a troll
  8820 | D:8      | Found a shimmering altar of Xom.
  8837 | D:8      | Reached * piety under Makhleb
  9303 | D:9      | Found Liaqo's Weapon Boutique.
  9316 | D:9      | Reached XP level 10. HP: 92/92 MP: 12/12
  9378 | D:9      | Found a radiant altar of Vehumet.
  9454 | D:9      | Reached skill level 10 in Maces & Flails
  9811 | D:9      | Noticed a death yak
 10119 | D:9      | Reached ** piety under Makhleb
 10145 | D:9      | Found a shimmering blue altar of Sif Muna.
 10290 | D:9      | Reached skill level 5 in Invocations
 10312 | D:9      | Killed a death yak
 10473 | D:9      | Reached skill level 11 in Maces & Flails
 10807 | D:10     | Entered Level 10 of the Dungeon
 11068 | D:10     | Reached XP level 11. HP: 93/101 MP: 15/15
 11079 | D:10     | Found a staircase to the Lair.
 11919 | D:10     | Reached *** piety under Makhleb
 12692 | D:10     | Found a staircase to the Lair.
 12785 | D:10     | Found a staircase to the Lair.
 13366 | D:10     | Killed from afar by a molten gargoyle

Illustrated notes

Levels and vault maps discovered:
D:1:      onia_arrival_mini_maze, layout_basic
D:2:      layout_loops_ring, lemuel_crystal_altar
D:3:      layout_loops_corners, biasface_ghost_orc_armoury,
          trog_three_pillars_becter, uniq_sigmund, uniq_grinder
D:4:      layout_loops_corners, kennysheep_mini, nicolae_overflow_hidden_temple,
          gup_sewer_entry_pipe, kennysheep_nub, kennysheep_generic_room_9
D:5:      layout_rooms, uniq_menkaure
D:6:      layout_rooms, uniq_blork_the_orc
D:7:      layout_loops_corners, okawaru_metal_pillars_1_2,
          minmay_temple_entry_overgrown, ebering_ghost_inner_flame,
          serial_shops, shop, grunt_ministairs_8, serial_park_tiny_pond
D:8:      layout_basic, tgw_xom
D:9:      argonaut_augean_stables, layout_basic, lemuel_blue_sif_altar,
          serial_shops, shop_coins, vehumet_altar_wand_db
D:10:     layout_roguey [special_room_bee], lair_entry_dummy
D:11:     layout_irregular_city, kennysheep_decorative_pillar,
          minmay_hedge_maze, kennysheep_island_fort
Temple:   regret_index_temple_sphere_string

Skill      XL: |  1  2  3  4  5  6  7  8  9 10 11 |
---------------+----------------------------------+-----
Maces & Flails | 3 4 5 6 8 9 11 | 11.7
Shields        | 3 |  3.3
Fighting       | 4 5 6 7 8 |  8.9
Armour         | 3 4 5 6 7 |  7.4
Invocations    | 3 5 6 |  6.5

Action                   |  1- 3 |  4- 6 |  7- 9 | 10-12 || total
-------------------------+-------+-------+-------+-------++-------
Melee: Flail             |   127 |     5 |    63 |    14 ||   209
       Tailslap          |    10 |    18 |    99 |    77 ||   204
       Dagger            |       |    84 |   402 |   407 ||   893
 Abil: Rolling Charge    |     2 |     4 |     5 |     3 ||    14
Evoke: Wand              |       |       |     3 |     4 ||     7
  Use: Scroll            |       |       |    11 |     3 ||    14
       Potion            |       |       |       |     4 ||     4
Armor: Scale mail        |    62 |    26 |    72 |       ||   160
       Plate armour      |       |       |   126 |   244 ||   370
Dodge: Dodged            |    29 |    16 |    54 |    43 ||   142
Block: Kite shield       |    63 |    41 |   197 |   194 ||   495

Table legend: (Time is in decaauts)
 A = Elapsed time spent in this place.
 B = Non-inter-level travel time spent in this place.
 C = Inter-level travel time spent in this place.
 D = Time resting spent in this place.
 E = Time spent auto-exploring this place.
 F = Levels seen in this place.
 G = Mean time per level.
                   A        B        C        D        E       F      G
               +--------+--------+--------+--------+--------+-----+--------+
         Total |  13504 |  12948 |    556 |   2402 |   7624 |  12 | 1125.3 |
       Dungeon |  13274 |  12727 |    547 |   2402 |   7489 |  11 | 1206.7 |
        Temple |    229 |    220 |      9 |      0 |    135 |   1 |  229.0 |
               +--------+--------+--------+--------+--------+-----+--------+

Top non-repeatable levels by time:
    D:10: 2566 daAuts
     D:4: 1880 daAuts
     D:9: 1447 daAuts
     D:1: 1369 daAuts
     D:7: 1244 daAuts
     D:3: 1226 daAuts
     D:8: 1099 daAuts
     D:2: 946 daAuts
     D:5: 822 daAuts
     D:6: 654 daAuts
  Temple: 229 daAuts
    D:11: 16 daAuts
